 Dungeon Crawl Stone Soup version 0.12.2-14-g7c90c79 (webtiles) character file.

200 MarVin the Skirmisher (level 4, -1/36 HPs)
             Began as a Demonspawn Fighter on Aug 5, 2013.
             Slain by an orc wizard
             ... wielding a +0,+0 orcish dagger
              (2 damage)
             ... on Level 3 of the Dungeon.
             The game lasted 00:05:37 (1764 turns).

MarVin the Skirmisher (Demonspawn Fighter)          Turns: 1764, Time: 00:05:38

HP  -1/36        AC  6     Str 18      XL: 4   Next:  6%
MP   3/3         EV  5     Int  9      God:
Gold 128         SH 18     Dex 12      Spells:  0 memorised,  3 levels left

Res.Fire  : . . .   See Invis. : .   a - +0 hand axe {=f}
Res.Cold  : + . .   Warding    : .   b - +0 scale mail
Life Prot.: . . .   Conserve   : .   c - +0 shield
Res.Poison: .       Res.Corr.  : .   (no helmet)
Res.Elec. : .       Clarity    : .   (no cloak)
Sust.Abil.: . .     Spirit.Shd : .   (no gloves)
Res.Mut.  : .       Stasis     : .   (no boots)
Res.Rott. : .       Ctrl.Telep.: .   (no amulet)
Saprovore : . . .   Flight     : .   (no ring)
                                     (no ring)

@: slightly resistant to hostile enchantments, extremely unstealthy
A: claws 1, cold resistance 1
a: no special abilities


You were on level 3 of the Dungeon.
You were not hungry.

You visited 1 branch of the dungeon, and saw 3 of its levels.

You collected 108 gold pieces.

Inventory:

Hand weapons
 a - a +0,+0 hand axe (weapon) {=f}
Armour
 b - a +0 scale mail (worn)
 c - a +0 shield (worn)
Comestibles
 d - a bread ration
 f - an apple
 k - a chunk of giant gecko flesh
 l - a meat ration
Scrolls
 e - 3 scrolls of curse weapon {unknown}
 g - 3 scrolls of identify {unknown}
 m - a scroll of recharging {unknown}
 n - a scroll of teleportation {unknown}
 p - a scroll of remove curse {unknown}
Jewellery
 h - a +5 ring of dexterity {unknown}
 o - a +5 ring of protection {unknown}
Potions
 i - a potion of poison {unknown}
 j - a potion of curing {unknown}


   Skills:
 + Level 3.3 Fighting
 + Level 2.0 Axes
 + Level 3.1 Armour
 + Level 1.0 Dodging
 + Level 0.2 Stealth
 + Level 3.3 Shields
 + Level 0.5 Traps


You had 3 spell levels left.
You didn't know any spells.

Dungeon Overview and Level Annotations

Branches:
Dungeon (3/27)

Altars:


Innate Abilities, Weirdness & Mutations

You have sharp fingernails.
Your flesh is cold resistant.


Message History

Pain shoots through your body!
The orc priest becomes somewhat translucent.
The orc wizard gestures at you while chanting.
The magic dart hits you!
* * * LOW HITPOINT WARNING * * *
The orc wizard points at you and mumbles some strange words.
The magic dart hits you!
* * * LOW HITPOINT WARNING * * *
You closely miss the orc priest.
The orc priest is heavily wounded.
The orc priest hits you.
* * * LOW HITPOINT WARNING * * *
You block the orc wizard's attack. The orc wizard completely misses you.
You hit the orc priest.
The orc priest is severely wounded.
The orc priest calls down the wrath of Beogh upon you.
Pain shoots through your body!
* * * LOW HITPOINT WARNING * * *
The orc wizard hits you with an orcish dagger.
You die...

. ## . . # # # ######
###### %....# #[.o@#
.###.# #.##o# .# #.#
#....#
.###.########....'.......
................##.....#
..........##.....#.....#
...######.##.....# #####
.....# #.##.....#
...#.####......[.#


You could see an orc priest and an orc wizard.

Vanquished Creatures
  2 adders (D:2)
  3 giant geckos
  An orc (D:3)
  2 giant cockroaches
  3 goblins
  10 hobgoblins
  3 jackals (D:1)
  5 kobolds
  A quokka (D:2)
  2 ball pythons
  6 bats
  4 giant newts
  4 rats
46 creatures vanquished.

Notes
Turn   | Place    | Note
--------------------------------------------------------------
     0 | D:1      | MarVin, the Demonspawn Fighter, began the quest for the Orb.
     0 | D:1      | Reached XP level 1. HP: 18/18 MP: 0/0
   131 | D:1      | Reached XP level 2. HP: 17/24 MP: 1/1
   876 | D:2      | Gained mutation: Your flesh is cold resistant. [demonic ancestry]
   876 | D:2      | Reached XP level 3. HP: 17/30 MP: 2/2
  1438 | D:2      | Reached skill level 1 in Dodging
  1731 | D:3      | Gained mutation: You have sharp fingernails. [demonic ancestry]
  1731 | D:3      | Reached XP level 4. HP: 33/36 MP: 3/3
  1764 | D:3      | HP: 1/36 [orc priest/nerve-wracking pain (4)]
  1764 | D:3      | Slain by an orc wizard

Action                   |  1- 3 |  4- 6 || total
-------------------------+-------+-------++-------
Melee: Hand axe          |   173 |    27 ||   200
